 Dungeon Crawl Stone Soup version 0.21.1-1-g345015fe64 (webtiles) character file.

137648 GreedyOne the Unseen (level 17, -10/106 HPs)
             Began as a Kobold Enchanter on June 12, 2018.
             Was the Champion of Ru.
             Shot with a bolt by Vashnia (39 damage)
             ... on level 3 of the Snake Pit on June 13, 2018.
             The game lasted 04:30:07 (39859 turns).

GreedyOne the Unseen (Kobold Enchanter)            Turns: 39859, Time: 04:30:07

Health: -10/106    AC: 14    Str: 13    XL:     17   Next: 84%
Magic:  37/39      EV: 29    Int: 19    God:    Ru [******]
Gold:   3380       SH: 10    Dex: 25    Spells: 13/35 levels left

rFire    x . .     SeeInvis .   Z - +4 rapier (elec)
rCold    x . .     Gourm    .   t - +0 buckler
rNeg     . . .     Faith    .   F - +4 robe of Augmentation {Str+4 Int+4 Dex+4}
rPois    +         Spirit   .   R - +0 helmet
rElec    +         Reflect  +   x - +0 cloak
rCorr    .         Harm     .   S - +1 pair of gloves
MR       .....     Clarity  +   T - +1 pair of boots of Going Fast {rElec MP+9 Str+4 Int-3}
Stlth    ++++++++..             O - +2 amulet of reflection
HPRegen  0.00/turn              e - ring of poison resistance
MPRegen  0.26/turn              (no ring)

@: lethally poisoned (-10 -> -22), drained
A: small, claws 1, iridescent scales 1, blurry vision 1, carnivore, clarity,
inhibited regeneration, hated by all, inability to train armour, magic
vulnerability 1, temperature sensitive
a: Draw Out Power, Power Leap, Apocalypse, Renounce Religion


You were on level 3 of the Snake Pit.
You worshipped Ru.
Ru was exalted by your worship.
You were not hungry.

You visited 5 branches of the dungeon, and saw 27 of its levels.
You also visited: Labyrinth and Ice Cave.

You collected 3632 gold pieces.
You spent 252 gold pieces at shops.

Inventory:

Hand Weapons
 j - a +2 short sword of draining
 Z - a +4 rapier of electrocution (weapon)
Armour
 t - a +0 buckler (worn)
 x - a +0 cloak (worn)
 F - the +4 robe of Augmentation (worn) {Str+4 Int+4 Dex+4}
   (You found it on level 6 of the Lair of Beasts)

   It affects your strength (+4).
   It affects your intelligence (+4).
   It affects your dexterity (+4).
 R - a +0 helmet (worn)
 S - a +1 pair of gloves (worn)
 T - the +1 pair of boots of Going Fast (worn) {rElec MP+9 Str+4 Int-3}
   (You found it on level 15 of the Dungeon)

   It affects your strength (+4).
   It affects your intelligence (-3).
   It insulates you from electricity.
   It affects your magic capacity (+9).
Jewellery
 e - a ring of poison resistance (left hand)
 k - an uncursed ring of stealth
 o - the ring "Ewnameuwk" {rF- MP+9 Int+8}
   (You found it in a labyrinth)

   [ring of magical power]

   It affects your intelligence (+8).
   It makes you vulnerable to fire.
   It affects your magic capacity (+9).
 z - an uncursed ring of resist corrosion
 A - an uncursed ring of protection from fire
 O - a +2 amulet of reflection (around neck)
 Y - the ring of Phasing {EV+8}
   (You found it in an ice cave)

   [ring of evasion]

   It affects your evasion (+8).
Wands
 D - a wand of digging (42)
 E - a wand of acid (11)
 G - a wand of iceblast (9)
 J - a wand of paralysis (22)
 K - a wand of disintegration (42)
Scrolls
 a - 3 scrolls of fear
 f - 3 scrolls of enchant armour
 g - a scroll of enchant weapon
 i - 6 scrolls of fog
 l - a scroll of blinking
 n - 2 scrolls of vulnerability
 u - 8 scrolls of teleportation
 y - 3 scrolls of torment
 B - 3 scrolls of immolation
 M - 3 scrolls of amnesia
 U - 9 scrolls of remove curse
Potions
 h - a potion of brilliance
 m - 6 potions of mutation
 p - a potion of ambrosia
 r - 9 potions of curing
 s - 2 potions of flight
 v - 2 potions of magic
 w - 3 potions of lignification
 C - 2 potions of agility
 H - 5 potions of heal wounds
 L - a potion of might
 P - a potion of invisibility
 Q - a potion of haste
 V - a potion of cancellation {unknown}
Books
 b - a book of Enchantments

   Spells                             Type                      Level
   a - Cause Fear                     Hexes                        4
   b - Yara's Violent Unravelling     Hexes/Transmutation          5
   c - Silence                        Hexes/Air                    5
   d - Deflect Missiles               Charms/Air                   6
   e - Discord                        Hexes                        8
 c - a book of Maledictions

   Spells                             Type                      Level
   a - Corona                         Hexes                        1
   b - Ensorcelled Hibernation        Hexes/Ice                    2
   c - Confuse                        Hexes                        3
   d - Tukima's Dance                 Hexes                        3
   e - Dazzling Spray                 Conjuration/Hexes            3
 q - a book of Party Tricks

   Spells                             Type                      Level
   a - Summon Butterflies             Summoning                    1
   b - Apportation                    Translocation                1
   c - Lesser Beckoning               Translocation                3
   d - Tukima's Dance                 Hexes                        3
   e - Alistair's Intoxication        Transmutation/Poison         5
   f - Invisibility                   Hexes                        6
 I - a book of Misfortune

   Spells                             Type                      Level
   a - Confusing Touch                Hexes                        1
   b - Confuse                        Hexes                        3
   c - Gell's Gravitas                Translocation                3
   d - Petrify                        Transmutation/Earth          4
   e - Metabolic Englaciation         Hexes/Ice                    5
   f - Yara's Violent Unravelling     Hexes/Transmutation          5
 N - a book of Minor Magic

   Spells                             Type                      Level
   a - Magic Dart                     Conjuration                  1
   b - Blink                          Translocation                2
   c - Call Imp                       Summoning                    2
   d - Slow                           Hexes                        2
   e - Conjure Flame                  Conjuration/Fire             3
   f - Mephitic Cloud                 Conjuration/Poison/Air       3
Comestibles
 d - 63 rations


   Skills:
 + Level 11.9(11.6) Fighting
 + Level 16.2(15.9) Short Blades
 + Level 13.0(12.7) Dodging
 + Level 18.8(18.5) Stealth
 - Level 5.6(5.3) Shields
 + Level 9.5(9.3) Spellcasting
 - Level 2.0(1.8) Conjurations
 - Level 14.0(13.7) Hexes
 - Level 2.0(1.8) Ice Magic
 - Level 4.0(3.7) Air Magic
 - Level 2.0(1.7) Poison Magic


You had 13 spell levels left.
You knew the following spells:

 Your Spells              Type           Power        Failure   Level  Hunger
a - Corona                Hex            ######.      1%          1    None
b - Ensorcelled Hibernat  Hex/Ice        #####.       1%          2    None
c - Confuse               Hex            ######..     1%          3    None
d - Tukima's Dance        Hex            ######..     1%          3    None
e - Mephitic Cloud        Conj/Pois/Air  ###.....     9%          3    None
f - Blink                 Tloc           N/A          12%         2    None
g - Silence               Hex/Air        #####.....   6%          5    #####..
h - Dazzling Spray        Conj/Hex       #####.       1%          3    None


Dungeon Overview and Level Annotations

Branches:
Dungeon (15/15)            Temple (1/1) D:4            Lair (6/6) D:9
 Shoals (0/4) Lair:2        Snake (3/4) Lair:2        Slime (0/5) Lair:6
    Orc (2/2) D:11            Elf (0/3) Orc:2        Vaults (0/5) D:14
 Depths (0/5) D:15

Altars:
Ashenzari
Cheibriados
Dithmenos
Elyvilon
Fedhas
Gozag
Kikubaaqudgha
Makhleb
Okawaru
Qazlal
Ru
Sif Muna
Trog
Vehumet
Xom
Yredelemnul
Zin
The Shining One
Jiyva

Shops:
D:4 [   D:10 %   D:12 }   D:15 *   Orc:2 [!:?   Snake:2 =*

Portals:
Pandemonium: Orc:2

Annotations:
D:3 chorionicmirror's ghost, amateur GnWn
Lair:1 exclusion: 2 oklob plants
Snake:3 1 runed door, Vashnia


Innate Abilities, Weirdness & Mutations

You are small and have problems with some larger weapons.
You are carnivorous and can eat meat at any time.
You do not regenerate when monsters are visible.
You are hated by all.
You cannot train Armour skill.
You are slightly vulnerable to magic. (MR-)
You are sensitive to extremes of temperature. (rF-, rC-)
You have sharp fingernails.
You are partially covered in iridescent scales. (AC +2)
Scrolls take you a little longer to read.
You possess an exceptional clarity of mind.


Message History

* * * LOW HITPOINT WARNING * * *
The naga mage constricts you.
Something closely misses the naga sharpshooter.
You see here a bolt.
You escape the naga mage's grasp.
The naga mage gestures at you while chanting.
The poison arrow misses you. Vashnia spits poison at you.
The splash of poison misses you.
The splash of poison hits the naga.
The naga spits poison at you. The splash of poison hits you!
You are more poisoned.
You resist.
There is a stone staircase leading up, spattered with blood here.
You feel sick. The naga mage spits poison at you.
The splash of poison reflects off an invisible shield around you!
The splash of poison hits the naga mage.
The naga mage appears unharmed.
Vashnia shoots a bolt.
The bolt hits you!!!
You die...

........#...#........#...#
.......N.N.....#.........#
.######....##(..........##
##.................##
#..............(...#
#......#...[(........#
.....>#######.(NNN..(##
#..... #.).#...(..N.#
#..... ##(@N#...#..#.#
#...####(.NNN((...(#N#
#..(##..######(...#.##
#...#..### ##.$..#..#
#...N....####..#.###S##
#...#..##....#(##..##N.#
#.....## ###..(###.#...#
#S$..# ##.........###
#.... #.........##


You could see Vashnia, 2 naga sharpshooters, a naga mage and a naga.

Vanquished Creatures
  3 nagarajas
  The ghost of strelocc the Markscentaur, a journeyman CeBe of Trog (Lair:6)
  The ghost of Gargoyl the Cleaver, a journeyman CeAK of Lugonu (Lair:6)
  A dire elephant (shapeshifter) (D:15)
  A minotaur (Lab)
  8 vault guards (D:14)
  2 ice dragons (IceCv)
  10 hydras
  5 naga warriors
  4 catoblepae (Lair:6)
  3 centaur warriors (D:15)
  6 anacondas
  5 death yaks
  6 two-headed ogres
  4 orc high priests
  9 naga sharpshooters
  Sonja (D:15)
  4 shock serpents
  A sun demon (Orc:2)
  A salamander mystic (Snake:2)
  3 skeletal warriors (D:15)
  5 unseen horrors
  An unseen horror (shapeshifter) (D:15)
  2 torturous demonspawn (Orc:2)
  A wizard (D:14)
  An infernal demonspawn (Orc:2)
  6 naga ritualists
  5 orc knights (Orc:2)
  11 orc sorcerers
  11 ugly things
  6 mana vipers
  4 salamanders (Snake:1)
  4 manticores
  3 cyclopes
  9 elephants (Lair:5)
  2 centaur zombies
  3 merfolk sirens (Lair:2)
  2 torpor snails
  A guardian serpent (shapeshifter) (D:15)
  A smoke demon (Orc:2)
  An orange demon (Orc:2)
  A guardian serpent (Snake:2)
  A rust devil (Orc:2)
  Maurice (D:13)
  10 naga magi
  16 black mambas
  5 rime drakes
  6 spiny frogs
  A kobold demonologist (D:12)
  3 centaur skeletons
  11 komodo dragons
  An ice devil (Orc:2)
  7 trolls
  A merfolk (Lair:2)
  3 polar bears
  A queen bee (Lair:3)
  3 slime creatures (D:15)
  13 blink frogs
  4 dream sheep (Lair:6)
  7 hippogriffs
  A shadow (D:11)
  A wyvern (D:12)
  37 yaks
  A yak (shapeshifter) (D:15)
  A vampire (D:15)
  A basilisk (Lair:4)
  A hog (shapeshifter) (D:15)
  3 hogs
  A human (D:7)
  A steam dragon (D:11)
  3 hungry ghosts
  2 wargs (Orc:2)
  16 water moccasins
  An acid dragon (D:15)
  27 nagas
  11 porcupines
  35 orc warriors
  2 sky beasts
  5 black bears
  2 phantoms
  An eye of draining (D:10)
  23 ice beasts
  A necrophage (D:10)
  10 boggarts
  8 ogres
  17 centaurs
  13 wolves
  12 crocodiles
  Blork the orc (D:5)
  2 big kobolds
  19 bullfrogs
  A wyvern zombie (D:11)
  A wyvern skeleton (D:10)
  6 scorpions
  29 killer bees
  17 wights
  2 howler monkeys
  5 crimson imps
  A quasit (D:10)
  7 hounds
  3 bullfrog zombies
  23 orc wizards
  6 jellies
  37 orc priests
  Crazy Yiuf (D:4)
  Jessica (D:2)
  Terence (D:2)
  4 iguanas
  3 bullfrog skeletons
  17 worker ants
  A killer bee zombie (D:8)
  A worker ant zombie (D:11)
  8 gnolls
  19 adders
  7 shadow imps
  3 oozes
  2 adder zombies (D:5)
  An adder skeleton (D:5)
  3 worms
  A dart slug (D:1)
  6 leopard geckos
  129 orcs
  2 ball pythons (D:1)
  5 giant cockroaches
  3 hobgoblins
  18 jackals
  5 quokkas
  4 bats
  3 frilled lizards
  6 goblins
  A jackal skeleton (D:5)
  20 kobolds
  A leopard gecko skeleton (D:6)
  2 quokka skeletons
  8 rats
936 creatures vanquished.

Vanquished Creatures (collateral kills)
  A gnoll sergeant (D:11)
1 creature vanquished.

Vanquished Creatures (others)
  A black mamba (Snake:3)
  2 nagas (Snake:2)
  A crocodile (Lair:2)
  3 orcs
  21 fungi
  21 plants
49 creatures vanquished.

Grand Total: 986 creatures vanquished

Notes
Turn   | Place    | Note
-------+----------+-------------------------------------------
     0 | D:1      | GreedyOne the Kobold Enchanter began the quest for the Orb.
     0 | D:1      | Reached XP level 1. HP: 10/10 MP: 3/3
   213 | D:1      | Reached XP level 2. HP: 15/15 MP: 5/5
   217 | D:1      | Learned a level 2 spell: Ensorcelled Hibernation
   835 | D:1      | Reached XP level 3. HP: 8/19 MP: 6/6
  1660 | D:2      | Reached XP level 4. HP: 12/24 MP: 1/7
  1929 | D:2      | Reached skill level 5 in Short Blades
  2073 | D:2      | Noticed Terence
  2079 | D:2      | Killed Terence
  2120 | D:2      | Noticed Jessica
  2198 | D:2      | Killed Jessica
  2198 | D:2      | Reached XP level 5. HP: 19/28 MP: 5/8
  2203 | D:2      | Learned a level 3 spell: Confuse
  2287 | D:2      | Found a snail-covered altar of Cheibriados.
  3476 | D:3      | Noticed chorionicmirror's ghost (amateur GnWn)
  3607 | D:3      | Noticed a bullfrog
  3657 | D:2      | Killed a bullfrog
  3657 | D:2      | Reached XP level 6. HP: 5/32 MP: 0/9
  4935 | D:4      | Found a runed door.
  5016 | D:4      | Reached skill level 5 in Stealth
  5074 | D:4      | Reached XP level 7. HP: 32/36 MP: 0/10
  5193 | D:4      | Reached skill level 1 in Ice Magic
  5585 | D:4      | Found a staircase to the Ecumenical Temple.
  5594 | Temple   | Entered the Ecumenical Temple
  5599 | Temple   | Became a worshipper of Ru the Awakened
  5681 | D:4      | Found Juggoen's Antique Armour Emporium.
  5703 | D:4      | Found an ancient bone altar of Kikubaaqudgha.
  6106 | D:4      | Noticed Crazy Yiuf
  6200 | D:4      | Killed Crazy Yiuf
  6226 | D:5      | Entered Level 5 of the Dungeon
  6323 | D:5      | Gained mutation: You possess an exceptional clarity of mind. [potion of mutation]
  6323 | D:5      | Gained mutation: You are partially covered in iridescent scales. (AC +2) [potion of mutation]
  6323 | D:5      | Gained mutation: You have sharp fingernails. [potion of mutation]
  6568 | D:5      | Reached skill level 6 in Stealth
  6573 | D:5      | Noticed Blork the orc
  6587 | D:5      | Killed Blork the orc
  6587 | D:5      | Reached XP level 8. HP: 32/41 MP: 2/11
  6655 | D:5      | Found a stormy altar of Qazlal.
  7163 | D:5      | Found a glowing golden altar of the Shining One.
  7168 | D:5      | Reached skill level 5 in Hexes
  7286 | D:6      | Reached skill level 7 in Stealth
  7377 | D:5      | Gained mutation: You do not regenerate when monsters are visible. [Ru sacrifice]
  7964 | D:6      | Reached skill level 8 in Stealth
  7969 | D:6      | Found an opulent altar of Gozag.
  8067 | D:6      | Reached XP level 9. HP: 38/45 MP: 5/12
  8091 | D:6      | Noticed a two-headed ogre
  8260 | D:6      | Found a burning altar of Makhleb.
  8482 | D:6      | Killed a two-headed ogre
  8482 | D:6      | Reached skill level 10 in Short Blades
  8482 | D:6      | Reached skill level 9 in Stealth
  8665 | D:6      | Found a blossoming altar of Fedhas.
  8799 | D:6      | Got a dull robe
  8810 | D:6      | Identified the cursed +1 robe of the Endless Expanse {rPois Dex+3} (You took it off an orc on level 6 of the Dungeon)
  9071 | D:7      | Found a deep blue altar of Sif Muna.
  9253 | D:7      | Learned a level 3 spell: Tukima's Dance
  9363 | D:7      | Reached skill level 10 in Stealth
  9825 | D:7      | HP: 2/45 [orc priest/mace (2)]
 10190 | D:7      | Reached XP level 10. HP: 33/50 MP: 8/13
 10221 | D:7      | HP: 2/50 [hog (9)]
 10520 | D:7      | Reached skill level 11 in Stealth
 11016 | D:8      | Gained mutation: You are hated by all. [Ru sacrifice]
 11016 | D:8      | Reached * piety under Ru
 11016 | D:8      | Reached ** piety under Ru
 11231 | D:8      | Found a shadowy altar of Dithmenos.
 11338 | D:8      | Noticed a two-headed ogre
 11598 | D:8      | Killed a two-headed ogre
 11839 | D:8      | Found a basalt altar of Yredelemnul.
 12274 | D:9      | Reached skill level 12 in Stealth
 12598 | D:9      | Reached XP level 11. HP: 54/54 MP: 9/14
 12635 | D:9      | Found a staircase to the Lair.
 13068 | D:9      | Reached skill level 13 in Stealth
 13665 | D:9      | Got a jet-encrusted ring mail
 13777 | Lair:1   | Entered Level 1 of the Lair of Beasts
 13790 | Lair:1   | Gained mutation: You are sensitive to extremes of temperature. (rF-, rC-) [Ru sacrifice]
 13790 | Lair:1   | Reached *** piety under Ru
 13790 | Lair:1   | Reached **** piety under Ru
 13804 | Lair:1   | Reached skill level 1 in Fighting
 13950 | Lair:1   | Learned a level 3 spell: Mephitic Cloud
 14005 | Lair:1   | Reached skill level 10 in Hexes
 14424 | Lair:1   | Noticed an oklob plant
 14424 | Lair:1   | Noticed an oklob plant
 14718 | Lair:2   | Reached skill level 1 in Air Magic
 14718 | Lair:2   | Reached skill level 1 in Poison Magic
 14721 | Lair:2   | Reached skill level 1 in Conjurations
 14850 | Lair:2   | Found a labyrinth entrance.
 14867 | Lab      | Entered a labyrinth
 15017 | Lab      | Noticed a minotaur
 15235 | Lab      | Killed a minotaur
 15245 | Lab      | Got a coiled brass ring
 15254 | Lab      | Got a brightly glowing shortbow
 15271 | Lair:2   | Identified the ring "Ewnameuwk" {rF- MP+9 Int+8} (You found it in a labyrinth)
 15272 | Lair:2   | Identified the +0 shortbow "Detoffok" {velocity, rPois Str+3} (You took it off a minotaur in a labyrinth)
 15289 | Lair:2   | Reached skill level 5 in Dodging
 15297 | Lair:2   | Learned a level 2 spell: Blink
 15373 | Lair:2   | Reached XP level 12. HP: 61/66 MP: 15/15
 15393 | Lair:2   | Noticed a four-headed hydra
 15393 | Lair:2   | Noticed a death yak
 15427 | Lair:2   | Killed a death yak
 15427 | Lair:2   | Reached skill level 14 in Stealth
 15600 | Lair:2   | Killed a four-headed hydra
 15687 | Lair:2   | Reached skill level 5 in Fighting
 15693 | Lair:2   | Found a staircase to the Shoals.
 15717 | Lair:2   | Noticed an eight-headed hydra
 16286 | Lair:2   | Found a staircase to the Snake Pit.
 16467 | Lair:2   | Killed an eight-headed hydra
 16766 | Lair:2   | Reached skill level 15 in Stealth
 17764 | Lair:2   | Reached XP level 13. HP: 61/75 MP: 2/16
 18111 | Lair:3   | Noticed a seven-headed hydra
 18115 | Lair:3   | Killed a seven-headed hydra
 18287 | Lair:3   | Noticed a seven-headed hydra
 18300 | Lair:3   | Killed a seven-headed hydra
 20032 | Lair:5   | Noticed a six-headed hydra
 20054 | Lair:5   | Killed a six-headed hydra
 20758 | Lair:6   | Entered Level 6 of the Lair of Beasts
 20824 | Lair:6   | Noticed Gargoyl's ghost (journeyman CeAK)
 20870 | Lair:6   | Killed Gargoyl's ghost
 20870 | Lair:6   | Reached skill level 16 in Stealth
 20897 | Lair:6   | Noticed a catoblepas
 20907 | Lair:6   | Killed a catoblepas
 20907 | Lair:6   | Reached XP level 14. HP: 84/84 MP: 21/21
 21177 | Lair:6   | Reached skill level 5 in Spellcasting
 21376 | Lair:6   | Found the +4 robe of Augmentation {Str+4 Int+4 Dex+4}
 21431 | Lair:6   | Learned a level 5 spell: Silence
 21576 | Lair:6   | Reached skill level 10 in Dodging
 21916 | Lair:6   | Found a staircase to the Slime Pits.
 22159 | Lair:6   | Found a viscous altar of Jiyva.
 22505 | Lair:6   | Noticed strelocc's ghost (journeyman CeBe)
 22521 | Lair:6   | Killed strelocc's ghost
 22849 | D:10     | Entered Level 10 of the Dungeon
 23467 | D:10     | Found Zillifin's Food Shop.
 24170 | D:11     | Reached XP level 15. HP: 91/91 MP: 24/24
 24646 | D:11     | Found a staircase to the Orcish Mines.
 25307 | D:11     | Reached skill level 17 in Stealth
 25567 | Orc:1    | Entered Level 1 of the Orcish Mines
 25924 | D:11     | Gained mutation: You are slightly vulnerable to magic. (MR-) [Ru sacrifice]
 25924 | D:11     | Reached ***** piety under Ru
 26199 | D:12     | Found Ugymosi's Gadget Shop.
 26736 | D:13     | Noticed Maurice
 26743 | D:13     | Killed Maurice
 26869 | D:13     | Found a frozen archway.
 26971 | IceCv    | Entered an ice cave
 27143 | IceCv    | Reached skill level 10 in Fighting
 27266 | IceCv    | Found the ring of Phasing {EV+8}
 28578 | D:13     | Got a bloodstained broad axe
 28579 | D:13     | Identified the +8 broad axe "Fesuof" {freeze, Dex+6} (You found it on level 13 of the Dungeon)
 29000 | D:14     | Reached skill level 1 in Shields
 29223 | D:14     | Found a gate to the Vaults.
 29444 | D:14     | Found an opulent altar of Gozag.
 29715 | D:15     | Entered Level 15 of the Dungeon
 29800 | D:15     | Reached skill level 5 in Shields
 29895 | D:15     | Reached XP level 16. HP: 73/97 MP: 18/26
 30038 | D:15     | Found Kadoraud's Changing Room.
 30120 | D:15     | Found a shadowy altar of Dithmenos.
 30669 | D:15     | Got a pair of bloodstained boots
 30675 | D:15     | Identified the +1 pair of boots of Going Fast {rElec MP+9 Str+4 Int-3} (You found it on level 15 of the Dungeon)
 31631 | D:15     | Noticed Sonja
 31634 | D:15     | Killed Sonja
 31689 | D:15     | Found a staircase to the Depths.
 31692 | D:15     | Noticed a shadow dragon
 31692 | D:15     | Noticed a sphinx
 31692 | D:15     | a shadow dragon changed into a sphinx
 31693 | D:15     | a sphinx changed into an alligator snapping turtle
 31702 | D:15     | Noticed a shadow dragon
 31705 | D:15     | Noticed a quicksilver dragon
 31705 | D:15     | a shadow dragon changed into a quicksilver dragon
 31707 | D:15     | Noticed a frost giant
 31707 | D:15     | a quicksilver dragon changed into a frost giant
 31708 | D:15     | a frost giant changed into a stone giant
 31711 | D:15     | Noticed an azure jelly
 31711 | D:15     | a catoblepas changed into an azure jelly
 31714 | D:15     | an azure jelly changed into a dire elephant
 32446 | Orc:1    | Found Muukogr Bamm's Antique Armour Emporium.
 32575 | Orc:2    | Entered Level 2 of the Orcish Mines
 32665 | Orc:2    | Found a staircase to the Elven Halls.
 32694 | Orc:2    | Paralysed by an orc sorcerer for 7 turns
 32721 | Orc:2    | Reached skill level 15 in Short Blades
 32813 | Orc:2    | Found Moup's Magic Scroll Emporium.
 32816 | Orc:2    | Found Zeichina's Distillery.
 33146 | Orc:2    | Bought a scroll of identify for 24 gold pieces
 33146 | Orc:2    | Bought a scroll of identify for 24 gold pieces
 33146 | Orc:2    | Bought a scroll of identify for 24 gold pieces
 33150 | Orc:2    | Bought a scroll of enchant weapon for 90 gold pieces
 33150 | Orc:2    | Bought a scroll of enchant weapon for 90 gold pieces
 33803 | Orc:2    | Learned a level 3 spell: Dazzling Spray
 33860 | Orc:2    | Gained mutation: Scrolls take you a little longer to read. [a neqoxec]
 33868 | Orc:2    | Reached skill level 18 in Stealth
 34077 | Orc:2    | Found Xourobig's Antique Armour Shop.
 34077 | Orc:2    | Found Zuxuet's Book Boutique.
 34077 | Orc:2    | Found a one-way gate leading to the halls of Pandemonium.
 34718 | Snake:1  | Entered Level 1 of the Snake Pit
 34990 | Snake:1  | Reached XP level 17. HP: 104/104 MP: 29/29
 36266 | Snake:2  | Found Srisit's Superlative Supplies.
 36993 | Snake:2  | Found Puivyj's Jewellery Shop.
 37141 | Snake:2  | Gained mutation: You cannot train Armour skill. [Ru sacrifice]
 37141 | Snake:2  | Reached ****** piety under Ru
 38287 | Snake:3  | Found a runed door.
 38378 | Snake:3  | Noticed Vashnia
 39859 | Snake:3  | Shot with a bolt by Vashnia

Skill      XL: |  1  2  3  4  5  6  7  8  9 10 11 12 13 14 15 16 17 |
---------------+----------------------------------------------------+-----
Short Blades   | 2 3 4 6 7 8 9 11 12 13 14 15 16 | 16.2
Stealth        | 5 6 8 10 12 13 15 16 17 18 | 18.8
Ice Magic      | 2 |  2.0
Hexes          | 4 5 7 9 10 11 12 13 14 | 14.0
Fighting       | 3 6 8 9 10 11 | 11.9
Dodging        | 5 7 9 10 11 12 13 | 13.0
Air Magic      | 1 2 3 4 |  4.0
Poison Magic   | 2 |  2.0
Conjurations   | 1 2 |  2.0
Spellcasting   | 4 6 7 8 9 |  9.5
Shields        | 5 |  5.6

Action                   |  1- 3 |  4- 6 |  7- 9 | 10-12 | 13-15 | 16-18 || total
-------------------------+-------+-------+-------+-------+-------+-------++-------
Melee: Dagger            |    30 |       |       |       |       |       ||    30
       Short sword       |    40 |   135 |   278 |   324 |   792 |   588 ||  2157
       Rapier            |       |       |       |       |       |    49 ||    49
 Cast: Corona            |     5 |       |     3 |     3 |    11 |    15 ||    37
       Ensorcelled Hiber |     8 |    36 |    67 |   185 |   260 |   259 ||   815
       Confuse           |       |     1 |    18 |    47 |   101 |   143 ||   310
       Tukima's Dance    |       |       |       |     2 |       |       ||     2
       Mephitic Cloud    |       |       |       |     1 |    12 |    32 ||    45
       Silence           |       |       |       |       |     1 |       ||     1
       Dazzling Spray    |       |       |       |       |       |     3 ||     3
Invok: Sacrifice Purity  |       |       |     1 |       |       |       ||     1
       Sacrifice Love    |       |       |       |     1 |       |       ||     1
       Draw Out Power    |       |       |       |     2 |     2 |     3 ||     7
       Sacrifice Resista |       |       |       |     1 |       |       ||     1
       Sacrifice Essence |       |       |       |       |     1 |       ||     1
       Reject Sacrifices |       |       |       |       |     1 |       ||     1
       Sacrifice Durabil |       |       |       |       |       |     1 ||     1
  Use: Scroll            |     1 |     2 |     8 |    13 |     6 |    13 ||    43
       Potion            |     1 |       |     2 |     5 |     4 |     2 ||    14
 Stab: Sleeping          |    12 |    18 |    46 |   112 |   225 |   129 ||   542
       Confused          |       |       |     8 |    21 |   111 |    90 ||   230
       Distracted        |       |       |     3 |     2 |     9 |     7 ||    21
       Invisible         |       |       |       |     2 |     4 |     2 ||     8
       Paralysed         |       |       |       |       |       |     2 ||     2
  Eat: Chunk             |    11 |    13 |    20 |    39 |    43 |    25 ||   151
Armor: Robe              |    12 |    25 |    46 |    75 |    56 |    33 ||   247
Dodge: Dodged            |    59 |   103 |   140 |   400 |   427 |   464 ||  1593
Block: Other             |       |       |       |       |     3 |     1 ||     4
       Buckler           |       |       |       |       |       |   206 ||   206
       Reflection        |       |       |       |       |       |    33 ||    33
